 Dungeon Crawl Stone Soup version 0.20.1-1-g8b1a95d (webtiles) character file.

72 Monsterracer the Insei (level 4, -1/28 HPs)
             Began as an Octopode Transmuter on July 13, 2017.
             Slain by a gnoll
             ... wielding a cursed +0 halberd
              (8 damage)
             ... on level 2 of the Dungeon.
             The game lasted 00:05:19 (1572 turns).

Monsterracer the Insei (Octopode Transmuter)        Turns: 1572, Time: 00:05:19

Health: -1/28      AC:  1    Str:  9    XL:     4   Next: 25%
Magic:  4/7        EV: 13    Int: 16    God:
Gold:   77         SH:  0    Dex: 12    Spells: 1/7 levels left

rFire    . . .     SeeInvis .     - Unarmed
rCold    . . .     Gourm    .   (no shield)
rNeg     . . .     Faith    .   (helmet restricted)
rPois    .         Spirit   .   (no amulet)
rElec    .         Reflect  .   (no ring)
rCorr    .         Harm     .   (no ring)
MR       .....                  (no ring)
Stlth    ++........             (no ring)
Regen    0.1/turn               (no ring)
MPRegen  0.1/turn               (no ring)
                                (no ring)
                                (no ring)

@: no status effects
A: almost no armour, stealthy swim, amphibious, 8 rings, constrict 8, camouflage
1, gelatinous body 1
a: no special abilities


You were on level 2 of the Dungeon.
You were not hungry.

You visited 1 branch of the dungeon, and saw 2 of its levels.

You collected 77 gold pieces.

Inventory:

Missiles
 a - 34 arrows
Scrolls
 d - a scroll of enchant armour {unknown}
 e - 2 scrolls of teleportation {unknown}
Potions
 g - a potion of haste
 h - a potion of flight {unknown}
Books
 b - a book of Changes

   Spells                             Type                      Level
   a - Beastly Appendage              Transmutation                1
   b - Sticks to Snakes               Transmutation                2
   c - Spider Form                    Transmutation/Poison         3
   d - Ice Form                       Ice/Transmutation            4
   e - Blade Hands                    Transmutation                5
Comestibles
 c - 3 bread rations
 f - 2 meat rations
 i - a fruit
 j - a chunk of flesh


   Skills:
 - Level 1.0 Fighting
 - Level 2.0 Dodging
 * Level 4.2 Unarmed Combat
 + Level 2.1 Spellcasting
 + Level 3.0 Transmutations


You had one spell level left.
You knew the following spells:

 Your Spells              Type           Power        Failure   Level  Hunger
a - Beastly Appendage     Tmut           ##....       6%          1    #......
b - Sticks to Snakes      Tmut           ##......     9%          2    ###....
c - Spider Form           Tmut/Pois      #.........   32%         3    ###....


Dungeon Overview and Level Annotations

Branches:
Dungeon (2/15)

Altars:


Innate Abilities, Weirdness & Mutations

You cannot wear most types of armour.
You are very stealthy in the water. (Stealth+)
You are amphibious.
You can wear up to eight rings at the same time.
You can use your tentacles to constrict eight enemies at once.
Your skin changes colour to match your surroundings (Stealth+).
Your rubbery body absorbs attacks. (AC +1, EV +1)


Message History

You kill the gnoll!
You have reached level 4!
You bite the gnoll!
The gnoll is poisoned.
The gnoll is severely wounded.
The gnoll misses you.
The gnoll hits you from afar with a halberd!!
Ouch! That really hurt!
* * * LOW HITPOINT WARNING * * *
Huge Dmg: -71%(-20hp) hp: 22%(6hp)
Press: ? - help, v - describe, . - travel
Here: a gnoll, wielding a halberd The floor.
Your transformation is almost over.
You kill the gnoll!
Your Transmutations skill increases to level 3!
You see here a throwing net.
There is a stone staircase leading up here.
Your transformation has ended.
The gnoll hits you from afar with a halberd!
You die...

..... .... ... ########## ...
#........# #'# #........# . #.#
#........# #.( #.####........#
#....#####...gg.@......##########
#>....))...l(....................
#...#################'##########.
# ##..#########. #...........#.
#...........#. #...........#.
#............. #.............


You could see 2 gnolls and a frilled lizard.

Vanquished Creatures
  An adder (D:2)
  2 gnolls (D:2)
  A dart slug (D:1)
  3 leopard geckos (D:2)
  A giant cockroach (D:1)
  5 goblins (D:1)
  4 hobgoblins
  3 jackals (D:2)
  2 kobolds (D:2)
  2 quokkas (D:2)
  2 ball pythons (D:1)
  3 bats (D:1)
  3 frilled lizards
  6 rats
38 creatures vanquished.

Notes
Turn   | Place    | Note
-------+----------+-------------------------------------------
     0 | D:1      | Monsterracer the Octopode Transmuter began the quest for the Orb.
     0 | D:1      | Reached XP level 1. HP: 13/13 MP: 3/3
   149 | D:1      | Reached XP level 2. HP: 18/18 MP: 5/5
   434 | D:1      | Learned a level 2 spell: Sticks to Snakes
   739 | D:1      | Reached XP level 3. HP: 23/23 MP: 6/6
   744 | D:1      | Learned a level 3 spell: Spider Form
  1362 | D:2      | Reached skill level 4 in Unarmed Combat
  1561 | D:2      | Reached XP level 4. HP: 26/28 MP: 3/7
  1572 | D:2      | Slain by a gnoll

Skill      XL: |  1  2  3  4 |
---------------+-------------+-----
Unarmed Combat | 4 |  4.2
Transmutations | 3 |  3.0
Fighting       | |  1.0
Dodging        | |  2.0
Spellcasting   | |  2.1

Action                   |  1- 3 |  4- 6 || total
-------------------------+-------+-------++-------
Melee: Unarmed           |    96 |     1 ||    97
       Constrict         |    25 |       ||    25
       Tentacles         |    12 |       ||    12
       Kick              |     5 |       ||     5
       Punch             |     3 |       ||     3
 Cast: Beastly Appendage |     6 |       ||     6
       Sticks to Snakes  |     2 |       ||     2
       Spider Form       |     1 |       ||     1
  Use: Potion            |     2 |       ||     2
 Stab: Sleeping          |    10 |       ||    10
  Eat: Chunk             |     2 |       ||     2
Armor: Skin              |     2 |       ||     2
Dodge: Dodged            |    36 |     1 ||    37
